 Dungeon Crawl Stone Soup version 0.22-a0-412-g2b68d14 (webtiles) character file.

91 nikopol the Skirmisher (level 4, -2/63 HPs)
             Began as a Minotaur Berserker on May 12, 2018.
             Was a Believer of Trog.
             Slain by Crazy Yiuf
             ... wielding a +4 quarterstaff of chaos
              (11 damage)
             ... on level 2 of the Dungeon.
             The game lasted 00:02:31 (1982 turns).

nikopol the Skirmisher (Minotaur Berserker)         Turns: 1982, Time: 00:02:31

Health: -2/63      AC:  2    Str: 27    XL:     4   Next: 33%
Magic:  1/3        EV: 12    Int:  4    God:    Trog [**....]
Gold:   63         SH:  0    Dex: 10    Spells: 3/3 levels left

rFire    . . .     SeeInvis .   a - +0 hand axe
rCold    . . .     Gourm    .   (no shield)
rNeg     . . .     Faith    .   b - +0 animal skin
rPois    .         Spirit   .   (helmet restricted)
rElec    .         Reflect  .   (no cloak)
rCorr    .         Harm     .   (no gloves)
MR       .....                  (no boots)
Stlth    ..........             (no amulet)
HPRegen  0.20/turn              (no ring)
MPRegen  0.08/turn              (no ring)

@: berserking (expiring), very slightly contaminated, starving, invisible, very
quick
A: retaliatory headbutt, horns 2
a: Berserk, Trog's Hand, Renounce Religion


You were on level 2 of the Dungeon.
You worshipped Trog.
Trog was pleased with you.
You were starving.

You visited 1 branch of the dungeon, and saw 2 of its levels.

You collected 63 gold pieces.

Inventory:

Hand Weapons
 a - a +0 hand axe (weapon)
Armour
 b - a +0 animal skin (worn)
Jewellery
 k - an uncursed ring of wizardry {unknown}
Scrolls
 d - a scroll of noise {unknown}
 g - a scroll of magic mapping {unknown}
 h - 4 scrolls of identify {unknown}
 i - 2 scrolls of fog {unknown}
 l - a scroll of remove curse {unknown}
 n - 3 scrolls of fear {unknown}
 q - a scroll of teleportation {unknown}
 r - a scroll of immolation {unknown}
Potions
 e - a potion of agility {unknown}
 f - a potion of degeneration {unknown}
 j - a potion of invisibility {unknown}
 m - a potion of ambrosia {unknown}
 o - a potion of berserk rage {unknown}
Comestibles
 c - 6 rations


   Skills:
 + Level 5.0 Fighting
 + Level 4.7 Axes
 + Level 2.6 Armour
 + Level 2.6 Dodging
 + Level 0.4 Stealth


You had 3 spell levels left.
You didn't know any spells.
Your spell library was empty.

Dungeon Overview and Level Annotations

Branches:
Dungeon (2/15)

Altars:

Annotations:
D:2 Crazy Yiuf


Innate Abilities, Weirdness & Mutations

You reflexively headbutt those who attack you in melee.
You have a pair of horns on your head.


Message History

You feel yourself moving faster!
You feel mighty!
You are starving!
Crazy Yiuf hits you with a quarterstaff of chaos!
* * * LOW HITPOINT WARNING * * *
Crazy Yiuf freezes you.
* * * LOW HITPOINT WARNING * * *
You barely miss Crazy Yiuf.
Crazy Yiuf is moderately wounded.
You hit Crazy Yiuf.
Crazy Yiuf is severely wounded.
Crazy Yiuf drinks a potion.
Crazy Yiuf is healed!
You closely miss Crazy Yiuf.
Crazy Yiuf waves his quarterstaff at you.
Crazy Yiuf hits you with a quarterstaff of chaos!
* * * LOW HITPOINT WARNING * * *
You feel your power leaking away.
You barely miss Crazy Yiuf. You barely miss Crazy Yiuf.
Crazy Yiuf hits you with a quarterstaff of chaos!
You die...

#.###.#.#..........#.#.###.####.
#.......#.......###..#.###......
#####.###.........#..#..........
#.# ##############..##...... #.#
#..##.####. ##.# #.....# #.
####..##♣♣ #### #....## #.
#......^.♣♣ ♣♣#.))# ##.#.# #.
#.##......♣♣♣♣)@g).# ##.#<#####.
#>##.......♣.)♣#...# #..#.##...>
#.##.....)♣.♣♣♣ #### ####.##.###
#.######♣♣♣♣♣ ####.##.###
#....># #....##.##. #######
###.....#.##. #.......#.##.
#.#####.#.... #. #.........


You could see Crazy Yiuf.

Vanquished Creatures
  A bullfrog zombie (D:2)
  An adder (D:2)
  2 oozes (D:2)
  A worm (D:2)
  3 dart slugs
  2 giant cockroaches (D:1)
  3 goblins
  3 hobgoblins
  2 jackals (D:2)
  4 kobolds
  A quokka (D:2)
  3 bats (D:1)
  3 frilled lizards
  7 rats
36 creatures vanquished.

Notes
Turn   | Place    | Note
-------+----------+-------------------------------------------
     0 | D:1      | nikopol the Minotaur Berserker began the quest for the Orb.
     0 | D:1      | Reached XP level 1. HP: 19/19 MP: 0/0
   159 | D:1      | Reached skill level 4 in Fighting
   159 | D:1      | Reached XP level 2. HP: 19/27 MP: 1/1
   862 | D:2      | Reached XP level 3. HP: 28/34 MP: 2/2
  1197 | D:2      | Reached ** piety under Trog
  1644 | D:2      | Reached skill level 5 in Fighting
  1644 | D:2      | Reached XP level 4. HP: 4/42 MP: 3/3
  1968 | D:2      | Found a runed door.
  1972 | D:2      | Noticed Crazy Yiuf
  1982 | D:2      | Slain by Crazy Yiuf

Vault maps used:
D:1:      minmay_arrival_widening_spiral_wide, hangedman_decor_push
D:2:      first_ration, uniq_crazy_yiuf_cottage

Skill      XL: |  1  2  3 |
---------------+----------+-----
Fighting       | 4 5 |  5.0
Axes           | 4 |  4.7
Armour         | |  2.6
Dodging        | |  2.6
Stealth        | |  0.4

Action                   |  1- 3 |  4- 6 || total
-------------------------+-------+-------++-------
Melee: Hand axe          |    85 |     8 ||    93
       Headbutt          |    15 |       ||    15
Invok: Berserk           |       |     1 ||     1
 Stab: Sleeping          |     1 |       ||     1
  Eat: Chunk             |     2 |       ||     2
Armor: Animal skin       |     9 |       ||     9
Dodge: Dodged            |    42 |       ||    42

Table legend:
 A = Spawn XP
 B = Non-spawn XP
 C = Spawn XP percentage of total XP
 D = Spawn monster count
 E = Non-spawn monster count
 F = Spawn count percentage of total count
 G = Total turns spent on level
                    A         B        C        D         E        F      G
               +---------+---------+-------+---------+---------+-------+---------
         Total |       0 |     130 |   0.0 |       0 |      36 |   0.0 |  1982
               +---------+---------+-------+---------+---------+-------+---------
           D:1 |       0 |      32 |   0.0 |       0 |      20 |   0.0 |   841
           D:2 |       0 |      98 |   0.0 |       0 |      16 |   0.0 |  1141
               +---------+---------+-------+---------+---------+-------+---------
